 Dungeon Crawl Stone Soup version 0.26-a0-597-gb535b0901c (webtiles) character file.

Game seed: 15106988939404259543

28 Alarkh the Skirmisher (level 3, 24/29 HPs)
             Began as a Demonspawn Fighter on Sept 3, 2020.
             Got out of the dungeon alive.
             The game lasted 00:00:55 (763 turns).

Alarkh the Skirmisher (Demonspawn Fighter)           Turns: 763, Time: 00:00:56

Health: 24/29      AC:  6    Str: 16    XL:     3   Next: 0%
Magic:  3/3        EV:  6    Int: 10    God:
Gold:   68         SH:  8    Dex: 12    Spells: 2/2 levels left

rFire    . . .     SeeInvis .     - Unarmed
rCold    . . .     Faith    .   b - +0 kite shield
rNeg     . . .     Spirit   .   a - +0 scale mail
rPois    .         Reflect  .   (helmet restricted)
rElec    .         Harm     .   g - scarf {+Inv}
rCorr    .                      (no gloves)
MR       .....                  (no boots)
Stlth    ..........             (no amulet)
HPRegen  0.09/turn              (no ring)
MPRegen  0.08/turn              (no ring)

@: no status effects
A: horns 1, spiny 1
a: Evoke Invisibility


You escaped.
You visited 1 branch of the dungeon, and saw 2 of its levels.

You collected 68 gold pieces.

Inventory:

Armour
 a - a +0 scale mail (worn)
 b - a +0 kite shield (worn)
 g - a scarf of invisibility (worn)
 m - a +0 helmet
Scrolls
 d - 2 scrolls of teleportation {unknown}
 e - a scroll of magic mapping {unknown}
 h - a scroll of identify {unknown}
 j - a scroll of enchant armour {unknown}
 k - 4 scrolls of remove curse {unknown}
 l - a scroll of fog {unknown}
Potions
 c - 3 potions of might
 f - a potion of cancellation {unknown}
 i - 3 potions of heal wounds {unknown}


   Skills:
 + Level 3.3 Fighting
 - Level 2.6 Armour
 + Level 3.0 Shields
 * Level 2.5 Unarmed Combat


You had 2 spell levels left.
You didn't know any spells.
Your spell library was empty.

Dungeon Overview and Level Annotations

Branches:
Dungeon (2/15)

Altars:
Ashenzari


Innate Abilities, Weirdness & Mutations

You have a pair of small horns on your head.
You are partially covered in sharp spines.


Message History

You kill the adder!
Your Shields skill increases to level 3!
You have reached level 3!
Your experience leads to an increase in your attributes!
Increase (S)trength, (I)ntelligence, or (D)exterity?
You feel clever.
Your demonic ancestry asserts itself...
A pair of horns grows on your head!
Your +0 helmet falls away!
You feel sick.
There is a stone staircase leading up here.
You climb upwards.
There is a stone staircase leading down here.
You feel sick.
You feel sick.
You feel sick.
You feel sick.
You are no longer poisoned.
There is a staircase leading out of the dungeon here.
Are you sure you want to leave the Dungeon?
This will make you lose the game!
You have escaped!

...#.# #..# #.##.##.##...##
...#.# ##.# #.##.##.##...# ####.#
#.########.##....##...# ####.#
#.............##.##...#
...#.#####..##.....#...##.##...#
##.#........##.######..>......###
........##...8.....8...##.###....
##.#.#####...#.....#...##.# #.###
.............#..@..#...##.###.###
##.#..####...#.....#.........)...
.............8..(..8.......######
............######.##......#
...##.####...#.....#.......#
##.##.# #.................#
....#.# #.............##'##
#...#.# #############..##.#######
#.....###...#########..##.##.....


There were no monsters in sight!

Vanquished Creatures
  An adder (D:2)
  A leopard gecko (D:1)
  2 ball pythons (D:1)
  2 giant cockroaches (D:1)
  A hobgoblin (D:1)
  4 bats (D:1)
  2 frilled lizards (D:1)
  3 goblins (D:1)
  A kobold (D:1)
  2 rats (D:1)
19 creatures vanquished.

Notes
Turn   | Place    | Note
-------+----------+-------------------------------------------
     0 | D:1      | Alarkh the Demonspawn Fighter began the quest for the Orb.
     0 | D:1      | Reached XP level 1. HP: 18/18 MP: 1/1
   275 | D:1      | Gained mutation: You are partially covered in sharp spines.
                  | [demonic ancestry]
   275 | D:1      | Reached XP level 2. HP: 24/24 MP: 2/2
   651 | D:1      | Found a shattered altar of Ashenzari.
   729 | D:2      | Gained mutation: You have a pair of small horns on your
                  | head. [demonic ancestry]
   729 | D:2      | Reached XP level 3. HP: 26/29 MP: 3/3
   763 | D:$      | Got out of the dungeon alive.

Illustrated notes

Levels and vault maps discovered:
D:1:      scummos_arrival_simple_crosswalls, layout_basic, ashenzari_altar_1
D:2:      layout_basic, nicolae_overflow_hidden_temple,
          gammafunk_temple_overflow_claw

Skill      XL: |  1  2 |
---------------+-------+-----
Unarmed Combat | 2 |  2.5
Shields        | 3 |  3.0
Fighting       | |  3.3
Armour         | |  2.6

Action                   || total
-------------------------++-------
Melee: Unarmed           ||    59
Armor: Scale mail        ||    24
Dodge: Dodged            ||    15
Block: Kite shield       ||    24

Table legend: (Time is in decaauts)
 A = Elapsed time spent in this place.
 B = Non-inter-level travel time spent in this place.
 C = Inter-level travel time spent in this place.
 D = Time resting spent in this place.
 E = Time spent auto-exploring this place.
 F = Levels seen in this place.
 G = Mean time per level.
                   A        B        C        D        E       F      G
               +--------+--------+--------+--------+--------+-----+--------+
         Total |    765 |    723 |     42 |      0 |    564 |   2 |  382.5 |
       Dungeon |    765 |    723 |     42 |      0 |    564 |   2 |  382.5 |
               +--------+--------+--------+--------+--------+-----+--------+

Top non-repeatable levels by time:
     D:1: 751 daAuts
     D:2: 13 daAuts
